 Dungeon Crawl Stone Soup version 0.24.0-125-gc4c63601f3 (webtiles) character file.

Game seed: 12301443438854773293, levelgen mode: deterministic

4484 Adamkad1 the Basher (level 10, -1/139 HPs)
             Began as a Troll Fighter on Mar 14, 2020.
             Was an Elder of Trog.
             Slain by an orc knight
             ... wielding a +0 war axe
              (12 damage)
             ... in a bailey.
             The game lasted 00:12:51 (7473 turns).

Adamkad1 the Basher (Troll Fighter)                 Turns: 7473, Time: 00:12:51

Health: -1/139     AC:  8    Str: 36    XL:     10   Next: 16%
Magic:  9/9        EV: 12    Int:  4    God:    Trog [****..]
Gold:   374        SH:  0    Dex:  9    Spells: 9/9 levels left

rFire    . . .     SeeInvis .   G - +0 giant club
rCold    . . .     Gourm    +   (shield currently unavailable)
rNeg     + . .     Faith    .   b - +0 robe
rPois    .         Spirit   .   T - +1 hat
rElec    .         Reflect  .   s - +0 cloak
rCorr    .         Harm     .   (gloves unavailable)
MR       .....                  (boots unavailable)
Stlth    ..........             (no amulet)
HPRegen  0.73/turn              l - +2 ring of strength
MPRegen  0.11/turn              p - ring of positive energy

@: berserking, marked, studying Shields, very quick
A: large, unfitting armour, claws 3, fast metabolism 3, gourmand, regeneration
1, shaggy fur 1, tough skin 3
a: Berserk, Trog's Hand, Brothers in Arms, Renounce Religion


You were in a bailey.
You worshipped Trog.
Trog was greatly pleased with you.
You were not hungry.

You visited 1 branch of the dungeon, and saw 9 of its levels.
You also visited: Bailey.

You collected 374 gold pieces.

Inventory:

Hand Weapons
 a - a +1 flail
 E - a +0 dire flail of holy wrath
 G - a +0 giant club (weapon)
Armour
 b - a +0 robe (worn)
 c - a +0 shield
 s - a +0 cloak (worn)
 D - a +0 large shield
 T - a +1 hat (worn)
Jewellery
 l - a +2 ring of strength (left claw)
 p - a ring of positive energy (right claw)
 w - a +4 ring of protection {unknown}
 x - an uncursed ring of fire {unknown}
 H - an uncursed ring of positive energy
 L - an uncursed ring of protection from fire {unknown}
Wands
 u - a wand of flame (12)
 v - a wand of disintegration (12)
 O - a wand of enslavement (6)
 Q - a wand of iceblast (11)
Scrolls
 e - 4 scrolls of fog
 g - 2 scrolls of magic mapping
 h - 8 scrolls of teleportation
 i - 2 scrolls of remove curse
 j - 3 scrolls of random uselessness
 q - a scroll of fear
 r - a scroll of blinking
 z - 2 scrolls of amnesia
 B - 3 scrolls of identify
 C - 2 scrolls of enchant weapon
 I - 2 scrolls of enchant armour {unknown}
 N - a scroll of immolation {unknown}
Potions
 d - 2 potions of might
 k - a potion of lignification
 m - a potion of invisibility {unknown}
 n - a potion of cancellation {unknown}
 o - 3 potions of haste
 t - 2 potions of brilliance {unknown}
 A - a potion of curing {unknown}
 F - a potion of heal wounds
 J - 2 potions of mutation {unknown}
 S - a potion of ambrosia {unknown}
Books
 M - a manual of Shields
Comestibles
 f - 14 rations


   Skills:
 - Level 4.2 Fighting
 * Level 9.9 Maces & Flails
 + Level 6.6 Dodging
 - Level 5.6 Shields


You had 9 spell levels left.
You didn't know any spells.
Your spell library was empty.

Dungeon Overview and Level Annotations

Branches:
Dungeon (11/15)            Temple (0/1) D:4            Lair (0/6) D:8
 Bailey (1/1)
    Orc: D:9-12

Altars:
Cheibriados
Fedhas
Hepliaklqana
Kikubaaqudgha
Makhleb
Okawaru
Ru
Trog
Uskayaw
Yredelemnul
The Shining One
Beogh

Shops:
D:6 *   D:8 (


Innate Abilities, Weirdness & Mutations

You are too large for most types of armour.
You have claws for hands.
Your metabolism is lightning-fast.
You like to eat raw meat.
Your natural rate of healing is unusually fast.
You are covered in fur. (AC +1)
You have extremely tough skin. (AC +3)


Message History

You completely miss the hobgoblin.
The orc knight hits you with a +0 war axe!!
* * * LOW HITPOINT WARNING * * *
The hobgoblin hits you but does no damage.
The orc warrior hits you but does no damage.
An orc warrior comes into view. It is wielding a +4 war axe.
You completely miss the hobgoblin.
The orc knight hits you with a +0 war axe.
* * * LOW HITPOINT WARNING * * *
The hobgoblin barely misses you.
The orc warrior hits you with a +0 battleaxe!
* * * LOW HITPOINT WARNING * * *
You closely miss the hobgoblin.
The orc warrior hits you with a +0 hand axe.
* * * LOW HITPOINT WARNING * * *
The hobgoblin pulls the alarm!
The alarm trap emits a blaring wail!
The mark upon you grows brighter.
The orc knight hits you with a +0 war axe!
You die...

### ##8##
##.∩.##
#8o@g8#
##o∩o## ##g##
#∩..K≈o≈(..∩#
#'###≈g≈###+#
K≈.≈K ##≈o≈##
K≈.≈K #≈.≈#


You could see an orc knight, 4 orc warriors, a hobgoblin, 2 goblins and 4
kobolds.

Vanquished Creatures
  An ugly thing (D:11)
  A centaur zombie (D:11)
  Grinder (D:5)
  A hornet (D:11)
  Eustachio (D:5)
  Edmund (D:5)
  2 porcupines (D:8)
  2 orc warriors (D:8)
  A black bear (D:8)
  4 ice beasts
  A necrophage (D:7)
  2 ogres
  5 centaurs
  2 bullfrogs (D:6)
  A big kobold (D:11)
  3 scorpions
  A howler monkey (D:5)
  5 crimson imps
  A bullfrog zombie (D:5)
  7 hounds
  A jelly (D:7)
  A centaur skeleton (D:4)
  7 orc priests
  A bullfrog skeleton (D:5)
  Ijyb (D:5)
  4 worker ants
  3 iguanas
  2 orc wizards
  A killer bee zombie (D:6)
  A hound zombie (D:7)
  2 worker ant zombies (D:5)
  A howler monkey skeleton (D:4)
  7 adders
  4 shadow imps
  A white imp (D:4)
  4 oozes
  2 adder skeletons (D:7)
  2 worms
  4 dart slugs
  5 leopard geckos
  16 orcs
  7 bats
  2 giant cockroaches
  2 gnoll zombies (D:5)
  8 goblins
  7 hobgoblins
  11 jackals
  7 quokkas
  2 ball pythons
  4 frilled lizards
  9 kobolds
  2 quokka skeletons (D:7)
  9 rats
183 creatures vanquished.

Notes
Turn   | Place    | Note
-------+----------+-------------------------------------------
     0 | D:1      | Adamkad1 the Troll Fighter began the quest for the Orb.
     0 | D:1      | Reached XP level 1. HP: 22/22 MP: 0/0
    34 | D:1      | Reached skill level 2 in Maces & Flails
    35 | D:1      | Reached XP level 2. HP: 29/29 MP: 1/1
   361 | D:1      | Reached XP level 3. HP: 31/36 MP: 2/2
   615 | D:2      | Reached XP level 4. HP: 44/44 MP: 3/3
   627 | D:2      | Found a burning altar of Makhleb.
   780 | D:2      | Found a bloodstained altar of Trog.
   812 | D:2      | Became a worshipper of Trog the Wrathful
   928 | D:2      | Found a sacrificial altar of Ru.
  1498 | D:2      | Reached skill level 3 in Maces & Flails
  1498 | D:2      | Reached XP level 5. HP: 48/52 MP: 4/4
  1532 | D:3      | Reached * piety under Trog
  2130 | D:4      | Reached XP level 6. HP: 56/61 MP: 5/5
  2266 | D:4      | Found a hide-covered altar of Uskayaw.
  2316 | D:4      | Found a hazy altar of Hepliaklqana.
  2520 | D:4      | Found a staircase to the Ecumenical Temple.
  2847 | D:5      | Entered Level 5 of the Dungeon
  2856 | D:5      | Noticed Eustachio
  2905 | D:5      | Noticed Ijyb
  2914 | D:5      | Killed Ijyb
  2918 | D:5      | Reached skill level 4 in Maces & Flails
  2929 | D:5      | Reached ** piety under Trog
  2973 | D:5      | Killed Eustachio
  2973 | D:5      | Reached XP level 7. HP: 52/67 MP: 6/6
  3058 | D:5      | Found a basalt altar of Yredelemnul.
  3113 | D:5      | Noticed Grinder
  3120 | D:5      | Killed Grinder
  3323 | D:5      | Noticed Edmund
  3343 | D:5      | Reached skill level 5 in Shields
  3352 | D:5      | Killed Edmund
  3352 | D:5      | Reached skill level 5 in Maces & Flails
  3352 | D:5      | Reached XP level 8. HP: 78/78 MP: 7/7
  3577 | D:5      | Found a hide-covered altar of Uskayaw.
  3649 | D:5      | Found an ancient bone altar of Kikubaaqudgha.
  3654 | D:5      | Found a blossoming altar of Fedhas.
  3931 | D:6      | Reached skill level 6 in Maces & Flails
  4027 | D:6      | Reached *** piety under Trog
  4234 | D:6      | Found a glowing golden altar of the Shining One.
  4495 | D:6      | Found Ynlump's General Store.
  4956 | D:6      | Reached skill level 7 in Maces & Flails
  5193 | D:6      | Reached skill level 5 in Dodging
  5193 | D:6      | Reached XP level 9. HP: 54/84 MP: 8/8
  5519 | D:7      | Found a hide-covered altar of Uskayaw.
  6437 | D:8      | Reached skill level 8 in Maces & Flails
  6473 | D:8      | Found Joaribem's Weapon Emporium.
  6658 | D:8      | Found a staircase to the Lair.
  6799 | D:8      | Found an iron altar of Okawaru.
  6805 | D:8      | Reached skill level 9 in Maces & Flails
  6810 | D:8      | Reached **** piety under Trog
  6856 | D:8      | Found a snail-covered altar of Cheibriados.
  6923 | D:8      | Found a roughly hewn altar of Beogh.
  6960 | D:8      | You fall into a shaft and drop 3 floors!
  7092 | D:11     | Paralysed by a hornet for 2 turns
  7094 | D:11     | HP: 2/84 [hornet (12)]
  7108 | D:11     | Reached XP level 10. HP: 86/93 MP: 9/9
  7239 | D:11     | Noticed a green ugly thing
  7251 | D:11     | Killed a green ugly thing
  7400 | D:11     | Found a flagged portal.
  7440 | Bailey   | Entered a bailey
  7462 | Bailey   | Noticed an orc knight
  7473 | Bailey   | Slain by an orc knight

Levels and vault maps discovered:
D:1:      wander_arrival_chamber, layout_rooms, minmay_3d_cube
D:2:      layout_basic, nicolae_overflow_crystal_walls, old_standard_altar,
          makhleb_blood_cavern_becter, first_ration
D:3:      layout_loops_cross, minmay_misc_feat_cross
D:4:      layout_basic, overflow_temple_1_default,
          eat_drink_and_be_merry_uskayaw, minmay_temple_entry_from_below_a,
          minmay_fire_ice_demons
D:5:      layout_cave_pools, grunt_temple_overflow_growth_and_decay,
          lemuel_zombie_altar_yredelemnul, serial_column_ruins,
          column_ruins_columns_corner, column_ruins_open_tiny,
          column_ruins_open_tiny, column_ruins_corridor_corner,
          column_ruins_open_tiny, column_ruins_open_medium, basic_altar,
          bh_walls_and_bars, uniq_ijyb, uniq_grinder, uniq_eustachio,
          uniq_edmund
D:6:      layout_basic, lemuel_crystal_altar, serial_shops, nicolae_shop_stone,
          minmay_manual_mess
D:7:      minmay_cornered_nines, layout_layer_cave, basic_altar
D:8:      layout_rooms, lemuel_round_altar, kennysheep_okawaru_gauntlet,
          grunt_lair_entry_orc_guard_hut, special_room [special_room_orc],
          serial_shops, shop
D:11:     layout_cave_pods, enter_bailey_1, kennysheep_generic_room_8
Bailey:   bailey_axe_1, bailey

Skill      XL: |  1  2  3  4  5  6  7  8  9 |
---------------+----------------------------+-----
Maces & Flails | 2 3 4 5 7 9 |  9.9
Shields        | 3 4 5 |  5.6
Fighting       | 3 4 |  4.2
Dodging        | 3 5 6 |  6.6

Action                   |  1- 3 |  4- 6 |  7- 9 | 10-12 || total
-------------------------+-------+-------+-------+-------++-------
Melee: Flail             |    85 |   266 |   119 |       ||   470
       Giant club        |       |       |   298 |    27 ||   325
Throw: Javelin           |       |       |       |     6 ||     6
       Dart              |       |       |       |     2 ||     2
Invok: Berserk           |       |       |     5 |     2 ||     7
       Trog's Hand       |       |       |     2 |       ||     2
  Use: Scroll            |       |    11 |       |       ||    11
       Potion            |       |       |     5 |       ||     5
  Eat: Chunk             |    10 |    21 |    46 |       ||    77
Armor: Robe              |    48 |    85 |   171 |    20 ||   324
       Skin              |       |       |    23 |       ||    23
Dodge: Dodged            |    33 |    94 |   281 |    69 ||   477
Block: Shield            |    37 |   133 |    87 |       ||   257
